 Dungeon Crawl Stone Soup version 0.31-a0-1576-ga3383bade6 (webtiles) character file.

Game seed: 16352060805539959498

144 lunkers the Magician (level 5, -5/35 HPs)
             Began as a Djinni Ice Elementalist on Jan 4, 2024.
             Slain by an orc
             ... wielding a +0 war axe
              (9 damage)
             ... on level 3 of the Dungeon.
             The game lasted 00:02:25 (2163 turns).

lunkers the Magician (Djinni Ice Elementalist)      Turns: 2163, Time: 00:02:26

Health: -5/35      AC:  3    Str:  7    XL:     5   Next: 52%
Gold:   99         EV: 27    Int: 18    God:
                   SH:  0    Dex: 14

rFire   + + .        (no weapon)
rCold   x . .        (no shield)
rNeg    . . .        n - +0 robe
rPois   ∞            (no helmet)
rElec   .            (no cloak)
rCorr   .            q - +0 pair of gloves
SInv    .            (boots unavailable)
Will    .....        h - amulet of the acrobat
Stlth   ++           j - ring of wizardry
HPRegen 0.25/turn    (no ring)
MPRegen 0.00/turn

%: acrobat, wizardry (x1), infuse magic (-6 HP)
@: acrobatic, flying
A: sickness immunity, fire resistance 2, cold vulnerability 1, float, innate
caster, HP casting, extra vitality 1
a: no special abilities


You were on level 3 of the Dungeon.
You visited 1 branch of the dungeon, and saw 3 of its levels.

You collected 99 gold pieces.

Inventory:

Hand Weapons
 a - a +2 short sword of speed
 c - a +1 vampiric spear
 m - a +0 short sword of draining
Armour
 n - a +0 robe (worn)
 q - a +0 pair of gloves (worn)
Jewellery
 h - an amulet of the acrobat (around neck)
 j - a ring of wizardry (left hand)
Scrolls
 e - 5 scrolls of identify {unknown}
 i - a scroll of enchant armour {unknown}
 l - 2 scrolls of fog {unknown}
 o - a scroll of teleportation {unknown}
 p - a scroll of blinking {unknown}
Potions
 b - 3 potions of enlightenment {unknown}
 d - a potion of resistance {unknown}
 f - a potion of cancellation {unknown}
 g - a potion of degeneration {unknown}
 k - a potion of mutation {unknown}
 r - a potion of heal wounds {unknown}


   Skills:
 - Level 2.1 Dodging
 - Level 1.5 Stealth
 + Level 5.2 Spellcasting
 + Level 5.2 Conjurations
 + Level 5.2 Hexes
   Level 0.0 Charms
 + Level 5.2 Summonings
 + Level 5.2 Necromancy
 + Level 5.2 Translocations
   Level 0.0 Transmutations
 + Level 5.2 Fire Magic
 + Level 5.2 Ice Magic
 + Level 5.2 Air Magic
 + Level 5.2 Earth Magic
 + Level 5.2 Alchemy


You knew the following spells:

 Your Spells              Type           Power      Damage    Failure   Level
a - Freeze                Ice            92%        1d9       1%          1
b - Frozen Ramparts       Ice            46%        1d7       1%          3
c - Ozocubu's Armour      Ice            23%        N/A       1%          3
d - Summon Ice Beast      Ice/Summ       23%        N/A       1%          3
e - Sandblast             Erth           46%        2d11      1%          1
f - Scorch                Fire           46%        2d6       1%          2
Your spell library was empty.

Dungeon Overview and Level Annotations

Branches:
Dungeon (3/15)

Altars:
Dithmenos

Shops:
D:3 :


Innate Abilities, Weirdness & Mutations

You are immune to sickness and miasma.
You are immune to poison.
Your flesh is very heat resistant. (rF++)
You are vulnerable to cold. (rC-)
You float through the air rather than walking.
You learn spells naturally, not from books.
Your magical power is your life essence.
You have superior vitality. (+4 MHP)


Message History

The orc wizard points at you and mumbles some strange words.
The magic dart hits you!
* * * LOW HITPOINT WARNING * * *
Aiming: Freeze (safe; 1% risk of failure)
Press: ? - help, Q - select action, (/) - cycle Shift-Dir - straight line, f/p - orc wizard
Aim: an orc wizard, wielding a +0 dagger and wearing a +0 robe (heavily wounded)
You freeze the orc wizard.
The orc wizard is almost dead.
* * * LOW HITPOINT WARNING * * *
The orc hits you but does no damage. The orc barely misses you.
The orc wizard points at you and mumbles some strange words.
The magic dart hits you.
* * * LOW HITPOINT WARNING * * *
Unknown command.
Aiming: Freeze (safe; 1% risk of failure)
Press: ? - help, Q - select action, (/) - cycle Shift-Dir - straight line, f/p - orc wizard
Aim: an orc wizard, wielding a +0 dagger and wearing a +0 robe (severely wounded)
You freeze the orc wizard!
You kill the orc wizard!
* * * LOW HITPOINT WARNING * * *
The orc barely misses you. x2
Aiming: Freeze (safe; 1% risk of failure)
Press: ? - help, Q - select action, (/) - cycle Shift-Dir - straight line, f - orc
Aim: an orc, wielding a +0 flail and wearing a +0 leather armour You freeze the orc!
You kill the orc!
* * * LOW HITPOINT WARNING * * *
The orc hits you with a +0 club.
* * * LOW HITPOINT WARNING * * *
The orc hits you with a +0 war axe.
* * * LOW HITPOINT WARNING * * *
You don't have enough health to cast this spell.
Unknown command.
Unknown command.
The orc attacks as it pursues you! The orc completely misses you.
The orc attacks as it pursues you! The orc barely misses you.
You reach down and open the door.
The orc barely misses you. The orc attacks as it pursues you!
The orc misses you. The orc attacks as it pursues you!
The orc hits you with a +0 war axe!
You die...

.#.####.#.#.#.# #.#.....
........#.#.#.#######.######
##.###......#............#
#+###..#.#.##..#####.##.#
.........#.........#.##.#
...#####.#.#.#.###.#....# ..
###.#.#...# #.....## .
#...#.##### #.....#
#.###@#######.....#
#.##.oo)............
#.##..........####....
#.##........... ....
#.##.........## #.##
#.###......... .#
#......###### #......#....#
#(.....#)...##


You could see 2 orcs.

Vanquished Creatures
  Natasha (D:2)
  An orc wizard (D:3)
  3 gnolls (D:3)
  3 dart slugs (D:1)
  3 ribbon worms
  2 orcs (D:3)
  4 bats
  6 endoplasms
  A giant cockroach (D:1)
  4 goblins
  4 hobgoblins
  7 kobolds
  3 quokkas
  5 ball pythons
  3 frilled lizards
  A rat (D:3)
51 creatures vanquished.

Notes
Turn   | Place    | Note
-------+----------+-------------------------------------------
     0 | D:1      | lunkers the Djinni Ice Elementalist began the quest for the
                  | Orb.
     0 | D:1      | lunkers set off with the following spells memorised:
                  | Freeze, Frozen Ramparts, Ozocubu's Armour, Summon Ice
                  | Beast.
     0 | D:1      | Reached XP level 1. HP: 15/15 MP: 0/0
    78 | D:1      | Reached XP level 2. HP: 17/21 MP: 0/0
   486 | D:1      | Found a faded altar of an unknown god.
   500 | D:1      | Reached XP level 3. HP: 23/25 MP: 0/0
   500 | D:1      | Learned a level 1 spell: Sandblast
  1116 | D:2      | Noticed Natasha
  1124 | D:2      | Killed Natasha
  1125 | D:2      | Reached XP level 4. HP: 21/31 MP: 0/0
  1592 | D:3      | Found Arreh's Book Boutique.
  1692 | D:3      | Reached skill level 5 in Spellcasting
  1692 | D:3      | Reached skill level 5 in Conjurations
  1692 | D:3      | Reached skill level 5 in Hexes
  1692 | D:3      | Reached skill level 5 in Summonings
  1692 | D:3      | Reached skill level 5 in Necromancy
  1692 | D:3      | Reached skill level 5 in Translocations
  1692 | D:3      | Reached skill level 5 in Fire Magic
  1692 | D:3      | Reached skill level 5 in Ice Magic
  1692 | D:3      | Reached skill level 5 in Air Magic
  1692 | D:3      | Reached skill level 5 in Earth Magic
  1692 | D:3      | Reached skill level 5 in Alchemy
  1692 | D:3      | Reached XP level 5. HP: 6/35 MP: 0/0
  1692 | D:3      | Learned a level 2 spell: Scorch
  1820 | D:3      | Found a shadowy altar of Dithmenos.
  2153 | D:3      | HP: 1/35 [orc/+0 war axe (6)]
  2163 | D:3      | Slain by an orc

Illustrated notes

Levels and vault maps discovered:
D:1:      ncdulo_watergridlock, layout_basic,
          shapermc_ecumenical_altar_totnotflames, serial_aquarium,
          aquarium_bridge_long_joined [aquarium_subvault_balcony,
          aquarium_subvault_bridge, aquarium_subvault_window,
          aquarium_subvault_bridge, aquarium_subvault_bridge,
          aquarium_subvault_bridge], aquarium_window_fake, aquarium_window_1,
          aquarium_window_1, aquarium_window_2, aquarium_view_2e,
          aquarium_balcony_3a
D:2:      layout_basic, minivault_27, grunt_ministairs_10, corner_web_ring,
          hangedman_feature_mirror, uniq_natasha
D:3:      layout_basic, tgw_trog, grunt_dithmenos_smoke, serial_shops,
          nicolae_shop_statue_plus

Skill      XL: |  1  2  3  4 |
---------------+-------------+-----
Spellcasting   | 4 5 |  5.2
Conjurations   | 4 5 |  5.2
Hexes          | 4 5 |  5.2
Summonings     | 4 5 |  5.2
Necromancy     | 4 5 |  5.2
Translocations | 4 5 |  5.2
Fire Magic     | 4 5 |  5.2
Ice Magic      | 4 5 |  5.2
Air Magic      | 4 5 |  5.2
Earth Magic    | 4 5 |  5.2
Alchemy        | 4 5 |  5.2
Dodging        | |  2.1
Stealth        | |  1.5

Action                     |  1- 3 |  4- 6 || total
---------------------------+-------+-------++-------
   Cast: Freeze            |    49 |    47 ||    96
 Armour: Robe              |    22 |    23 ||    45
  Dodge: Dodged            |    29 |    27 ||    56

Table legend: (Time is in decaauts)
 A = Elapsed time spent in this place.
 B = Non-inter-level travel time spent in this place.
 C = Inter-level travel time spent in this place.
 D = Time resting spent in this place.
 E = Time spent auto-exploring this place.
 F = Levels seen in this place.
 G = Mean time per level.
                   A        B        C        D        E       F      G
               +--------+--------+--------+--------+--------+-----+--------+
         Total |   2169 |   2157 |     12 |      0 |   1793 |   3 |  723.0 |
       Dungeon |   2169 |   2157 |     12 |      0 |   1793 |   3 |  723.0 |
               +--------+--------+--------+--------+--------+-----+--------+

Top non-repeatable levels by time:
     D:2: 805 daAuts
     D:1: 789 daAuts
     D:3: 574 daAuts
